 Dungeon Crawl Stone Soup version 0.17-a0-2093-gc772f4b (webtiles) character file.

19309 M4edhros the Covert (level 12, 0/84 (85) HPs)
             Began as an Octopode Artificer on Oct 16, 2015.
             Was an Initiate of Gozag.
             Slain by an elephant (13 damage)
             ... on level 4 of the Lair of Beasts.
             The game lasted 00:44:23 (14804 turns).

M4edhros the Covert (Octopode Artificer)           Turns: 14804, Time: 00:44:23

HP:   0/84 (85)     AC:  7    Str: 11    XL:     12   Next: 67%
MP:   0/21          EV: 17    Int: 14    God:    Gozag
Gold: 819           SH:  8    Dex: 18    Spells: 0 memorised, 11 levels left

rFire  + . .     SeeInvis +     N - +2 whip (elec)
rCold  + . .     Clarity  .     B - +0 shield
rNeg   . . .     SustAt   .     (helmet restricted)
rPois  .         Gourm    .     q - amulet of guardian spirit
rElec  .         Spirit   +     a - +1 ring of evasion
rCorr  .         Warding  .     u - ring of see invisible
rMut   .         Stasis   .     t - ring of protection from fire
MR     .....                    z - +2 ring of protection
Stlth  +++++++...               Q - +2 ring of dexterity
                                d - +2 ring of intelligence
                                (no ring)
                                (no ring)

@: drained, not resistant to hostile enchantments, extremely stealthy
A: almost no armour, amphibious, 8 rings, constrict 8, rough black scales 1,
camouflage 1, cold resistance 1, dopey 1, gelatinous body 1
a: Potion Petition, Call Merchant, Bribe Branch, Renounce Religion


You were on level 4 of the Lair of Beasts.
You worshipped Gozag.
Gozag was noncommittal.
You were near starving.

You visited 3 branches of the dungeon, and saw 16 of its levels.
You visited 1 bazaar.
You also visited: Sewer.

You collected 2675 gold pieces.
You spent 260 gold pieces at shops.
You paid 1596 gold pieces to Gozag.

Inventory:

Hand Weapons
 j - a +0 spear
 k - a +3 hunting sling of velocity
 N - a +2 whip of electrocution (weapon)
Missiles
 i - 19 sling bullets of frost
 m - 259 stones (quivered)
 x - 14 exploding sling bullets
 A - 44 sling bullets
 F - 10 steel sling bullets
Armour
 B - a +0 shield (worn)
Magical Staves
 L - an uncursed staff of wizardry
Jewellery
 a - a +1 ring of evasion (left tentacle)
 d - a +2 ring of intelligence (on tentacle)
 q - an amulet of guardian spirit (around mantle)
 t - a ring of protection from fire (on tentacle)
 u - a ring of see invisible (right tentacle)
 z - a +2 ring of protection (on tentacle)
 Q - a +2 ring of dexterity (on tentacle)
Wands
 c - a wand of enslavement (6)
 n - a wand of heal wounds (5)
 w - a wand of flame (9)
 K - a wand of fireball (7)
 M - a wand of hasting (4)
 R - a wand of confusion (14)
Scrolls
 b - a scroll of recharging
 f - 11 scrolls of remove curse
 g - 2 scrolls of enchant armour
 h - 2 scrolls of amnesia
 l - 5 scrolls of identify
 o - 2 scrolls of teleportation
 p - 3 scrolls of blinking
 r - 3 scrolls of magic mapping
 y - 5 scrolls of fear
 D - 5 scrolls of immolation
 O - a scroll of random uselessness
Potions
 v - a potion of agility
 E - a potion of flight
 G - 3 potions of brilliance
Miscellaneous
 H - a sack of spiders
Comestibles
 e - 9 bread rations
 s - 2 royal jellies
 C - 5 meat rations
 I - 5 fruits


   Skills:
 + Level 9.0(8.6) Fighting
   Level 1.0(0.7) Short Blades
 + Level 6.0(5.7) Maces & Flails
 - Level 5.2(4.8) Polearms
 + Level 9.1(8.7) Dodging
 + Level 12.4(11.9) Stealth
 * Level 1.8(1.4) Shields
 * Level 12.2(11.8) Evocations


You had 11 spell levels left.
You didn't know any spells.

Dungeon Overview and Level Annotations

Branches:
Dungeon (11/15)            Temple (1/1) D:6            Lair (4/8) D:10
  Snake (0/4) Lair:3          Orc (0/4) D:11
  Swamp: Lair:3-6    Shoals: Lair:3-6

Altars:
Ashenzari
Cheibriados
Dithmenos
Elyvilon
Fedhas
Gozag
Kikubaaqudgha
Makhleb
Nemelex Xobeh
Okawaru
Qazlal
Ru
Sif Muna
Trog
Vehumet
Xom
Yredelemnul
Zin
The Shining One

Shops:
D:5 *!%   D:6 *?%*%   D:13 =   D:14 (

Annotations:
D:3 tp1's ghost, amateur DECj
D:9 exclusions: obsidian statue and orange crystal statue
D:11 Josephine
Lair:3 Rupert


Innate Abilities, Weirdness & Mutations

You cannot wear most types of armour.
You are amphibious.
You can wear up to eight rings at the same time.
You can use your tentacles to constrict eight enemies at once.
Your skin changes colour to match your surroundings (Stealth).
Your rubbery body absorbs attacks (AC +1).
You are partially covered in rough black scales (AC +4, Dex -1).
Your flesh is cold resistant.
You are dopey. (Int -2)


Message History

Press: ? - help, Shift-Dir - straight line, f/p - elephant
Aim: an elephant (severely wounded, chance to defeat MR: 34%)
The elephant easily resists.
This wand has 16 charges left.
You block the elephant's attack. The elephant closely misses you.
Evoke which item? (* to show all) (? for menu, Esc to quit)
Zapping:
R - a wand of confusion (16)
Press: ? - help, Shift-Dir - straight line, f/p - elephant
Aim: an elephant (severely wounded, chance to defeat MR: 34%)
The elephant easily resists.
This wand has 15 charges left.
The elephant tramples you.
* * * LOW HITPOINT WARNING * * *
You stumble backwards!
Evoke which item? (* to show all) (? for menu, Esc to quit)
Zapping:
R - a wand of confusion (15)
Press: ? - help, Shift-Dir - straight line, f/p - elephant
Aim: an elephant (severely wounded, chance to defeat MR: 34%)
The elephant easily resists.
This wand has 14 charges left.
The elephant tramples you!!
You die...
Your body crumbles into a pile of gold.

#♣.. #..#.# #..≈≈≈≈≈≈..###.....
#♣.♣ ##..## ##......≈.## ##P...
♣..#####...####...##.########...
#♣.♣.#..#.#...P..#.#.#.#P##.#....
............Y....................
#♣.♣♣....#.####.........##....#.#
♣.#♣.#########.......###....####
♣$♣...###..P##........##.#..# #
#...$#.##..P...@.....### #.P# .
#####.####P.P..Y.......####.### #
#P###..##..P..........#.......# .
..........PPPPP.P................
###..#...PPPP.P.P..PP#.######...#
######.PPPP...P.###### ####
#..PPP.PP...# ##.PPPP..PP##
##.P.PPP..#


You could see an elephant.

Vanquished Creatures
  Harold (D:11)
  Erica (D:11)
  A death yak (Lair:3)
  Pikel (D:4)
  4 hill giants
  2 elephants (Lair:4)
  5 black mambas
  Maurice (D:11)
  5 spiny frogs
  2 fire drakes
  The ghost of tp1 the Charmwright, a novice DECj of Vehumet (D:5)
  A troll (D:10)
  Grinder (D:3)
  A two-headed ogre (D:9)
  2 basilisks
  2 wyverns
  3 wraiths (D:11)
  A steam dragon (D:10)
  A deep elf mage (D:11)
  2 hippogriffs (Lair:1)
  6 water moccasins
  2 soldier ants (D:11)
  A spider (D:4)
  3 porcupines
  4 phantoms
  6 orc warriors
  2 ice beasts
  A wasp (D:10)
  3 necrophages
  3 ogres
  A black bear (D:8)
  A sky beast (D:5)
  4 scorpions
  2 slaves (D:4)
  4 centaurs
  9 crocodiles
  2 big kobolds
  8 giant frogs
  3 killer bees
  A vampire bat (D:4)
  12 wights
  2 centaur zombies
  6 orc priests
  6 crimson imps
  2 jellies
  2 giant frog skeletons
  Ijyb (D:2)
  6 hounds
  7 worker ants
  Jessica (D:3)
  3 iguanas
  8 sheep (Lair:1)
  7 hell rats (Lair:4)
  6 orc wizards
  2 hound skeletons
  A mummy (D:9)
  6 gnolls
  24 river rats
  A worker ant zombie (D:7)
  18 adders
  2 shadow imps
  An ooze (D:6)
  2 adder skeletons (D:8)
  An adder zombie (D:9)
  7 worms
  5 giant geckos
  49 orcs
  11 giant cockroaches
  7 hobgoblins
  11 jackals
  4 quokkas
  8 ball pythons
  23 bats
  6 giant newts
  7 goblins
  2 jackal zombies
  15 kobolds
  11 rats
  A bush (Bazaar)
398 creatures vanquished.

Vanquished Creatures (collateral kills)
  A centaur (D:6)
  A giant frog (D:8)
  4 killer bees (D:8)
  A giant frog skeleton (D:6)
  A gnoll (D:4)
  A worm (D:4)
9 creatures vanquished.

Vanquished Creatures (others)
  A killer bee (D:7)
  2 bushes (Lair:4)
  8 fungi
  18 plants
29 creatures vanquished.

Grand Total: 436 creatures vanquished

Notes
Turn   | Place    | Note
--------------------------------------------------------------
     0 | D:1      | M4edhros the Octopode Artificer began the quest for the Orb.
     0 | D:1      | Reached XP level 1. HP: 13/13 MP: 3/3
   159 | D:1      | Reached XP level 2. HP: 18/18 MP: 4/4
   427 | D:2      | Noticed Ijyb
   437 | D:2      | Killed Ijyb
   437 | D:2      | Reached XP level 3. HP: 22/24 MP: 5/5
   577 | D:3      | Noticed tp1's ghost (amateur DECj)
   850 | D:2      | Reached XP level 4. HP: 26/29 MP: 6/6
   913 | D:2      | Reached skill level 4 in Evocations
  1271 | D:4      | Found a burning altar of Makhleb.
  1271 | D:4      | Found a radiant altar of Vehumet.
  1280 | D:4      | Reached XP level 5. HP: 29/35 MP: 8/8
  1441 | D:4      | Noticed a phantom
  1507 | D:4      | Noticed a slave
  1509 | D:4      | Noticed a slave
  1510 | D:4      | Noticed a slave
  1510 | D:4      | Noticed a slave
  1521 | D:4      | Found a glowing drain.
  1542 | Sewer    | Entered a sewer
  1649 | Sewer    | Reached XP level 6. HP: 29/41 MP: 9/9
  1807 | Sewer    | Reached skill level 5 in Evocations
  1949 | D:4      | Gained mutation: You tend to lose your temper in combat. [potion of mutation]
  1949 | D:4      | Gained mutation: You are partially covered in rough black scales (AC +4, Dex -1). [potion of mutation]
  1949 | D:4      | Gained mutation: Your muscles are strong. (Str +2) [potion of mutation]
  1995 | D:4      | Reached skill level 5 in Stealth
  2001 | D:4      | Reached XP level 7. HP: 18/46 MP: 10/10
  2170 | D:5      | Entered Level 5 of the Dungeon
  2211 | D:5      | Found Vogumisk's Distillery.
  2226 | D:5      | Bought a potion of heal wounds for 70 gold pieces
  2262 | D:5      | Found Caok's Assorted Antiques.
  2268 | D:5      | Bought an amethyst potion for 26 gold pieces
  2268 | D:5      | Bought a pink potion for 26 gold pieces
  2298 | D:5      | Found Iwakk's Food Emporium.
  2428 | D:5      | Reached skill level 1 in Polearms
  2496 | D:5      | Found an ancient bone altar of Kikubaaqudgha.
  2498 | D:5      | Found a blossoming altar of Fedhas.
  2510 | D:5      | Noticed tp1's ghost (novice DECj)
  2549 | D:6      | Reached skill level 6 in Stealth
  2605 | D:6      | Reached XP level 8. HP: 49/53 MP: 12/12
  2616 | D:6      | Found a stormy altar of Qazlal.
  2725 | D:6      | Reached skill level 5 in Dodging
  2743 | D:6      | Found Goddem's Food Shoppe.
  2867 | D:6      | Found Zaluw's Magic Scroll Shoppe.
  2871 | D:6      | Bought a scroll of blinking for 90 gold pieces
  2877 | D:6      | Found Bujecro's Food Emporium.
  2975 | D:6      | Found a staircase to the Ecumenical Temple.
  2983 | Temple   | Entered the Ecumenical Temple
  3272 | Temple   | Became a worshipper of Xom of Chaos
  3276 | Temple   | XOM: harmless Chrm miscast
  3278 | Temple   | XOM: divination: detect creatures
  3386 | D:6      | Reached skill level 7 in Stealth
  3431 | D:6      | Found Niwoq's Assorted Antiques.
  3513 | D:6      | Found Xyne Yga's Assorted Antiques.
  3714 | D:7      | Reached skill level 5 in Fighting
  3718 | D:7      | Found a sparkling altar of Nemelex Xobeh.
  3718 | D:7      | Found an opulent altar of Gozag.
  3782 | D:7      | XOM: silly message
  3858 | D:7      | XOM: potion effect (invisibility)
  4040 | D:7      | XOM: potion effect (curing)
  4049 | D:7      | XOM: potion effect (invisibility)
  4055 | D:7      | XOM: harmless Tloc miscast
  4065 | D:7      | Reached XP level 9. HP: 48/61 MP: 13/13
  4111 | D:7      | Found an iron altar of Okawaru.
  4196 | D:7      | Found a glowing golden altar of the Shining One.
  4295 | D:7      | XOM: potion effect (agility)
  4306 | D:7      | XOM: fog
  4334 | D:7      | Reached skill level 8 in Stealth
  4490 | D:7      | XOM: vitrification
  4547 | D:8      | XOM: fog
  4555 | D:8      | XOM: butterfly on damage
  4592 | D:7      | XOM: god gift: leather armour {god gift}
  4740 | D:8      | XOM: 5-stop teleportation journey
  4755 | D:8      | XOM: summons friendly white imp
  4779 | D:8      | XOM: polymorph white imp -> quasit
  4795 | D:8      | Found a basalt altar of Yredelemnul.
  5018 | D:8      | XOM: enchant monster (bad)
  5039 | D:8      | XOM: noise
  5040 | D:8      | XOM: potion effect (invisibility)
  5162 | D:7      | Fell from the grace of Xom
  5162 | D:7      | Became a worshipper of Gozag Ym Sagoz the Greedy
  5217 | D:5      | Killed tp1's ghost
  5418 | D:5      | Reached skill level 9 in Stealth
  5710 | D:5      | Reached XP level 10. HP: 52/69 MP: 15/15
  5811 | D:4      | Noticed Pikel
  5817 | D:4      | Killed a slave
  5818 | D:4      | Killed a slave
  5824 | D:4      | Killed Pikel
  5824 | D:4      | Reached skill level 5 in Polearms
  6121 | D:4      | Noticed an ogre
  6129 | D:4      | XOM: chaos cloud
  6131 | D:4      | Killed an ogre
  6221 | D:4      | Killed a phantom
  6310 | D:3      | Found a shattered altar of Ashenzari.
  6311 | D:3      | Noticed Grinder
  6314 | D:3      | Saw a vision of the Swamp and the Snake Pit.
  6314 | D:3      | Noticed an alligator
  6314 | D:3      | Noticed an alligator
  6314 | D:3      | Noticed a naga mage
  6314 | D:3      | Noticed a black mamba
  6314 | D:3      | Noticed a naga warrior
  6314 | D:3      | Noticed a naga warrior
  6314 | D:3      | Noticed a mana viper
  6314 | D:3      | Noticed a black mamba
  6314 | D:3      | Noticed a naga warrior
  6314 | D:3      | Noticed a shock serpent
  6314 | D:3      | Noticed a swamp drake
  6316 | D:3      | Noticed a giant frog
  6320 | D:3      | Killed Grinder
  6350 | D:3      | XOM: medium Hex miscast
  6627 | D:3      | Noticed Jessica
  6629 | D:3      | Killed Jessica
  6816 | D:2      | XOM: summons 5 hostile shadow creatures
  6872 | D:2      | Reached skill level 1 in Maces & Flails
  7699 | D:8      | XOM: noise
  7740 | D:8      | XOM: medium Chrm miscast
  8147 | D:8      | XOM: give mutation
  8147 | D:8      | Gained mutation: You are dopey. (Int -2) [Xom's mischief]
  8324 | D:9      | Found a snail-covered altar of Cheibriados.
  8487 | D:9      | Reached skill level 10 in Stealth
  8765 | D:9      | XOM: give mutation
  8765 | D:9      | Gained mutation: Your flesh is cold resistant. [Xom's mischief]
  8984 | D:9      | Noticed an obsidian statue
  9015 | D:10     | Entered Level 10 of the Dungeon
  9163 | D:10     | XOM: 2-stop teleportation journey
  9383 | D:10     | Found a staircase to the Lair.
  9517 | D:10     | Reached XP level 11. HP: 41/75 MP: 18/18
  9781 | D:10     | Noticed a hill giant
  9809 | D:10     | Killed a hill giant
  9903 | D:10     | Reached skill level 10 in Evocations
  9982 | D:11     | XOM: noise
 10047 | D:11     | Found a flickering gateway to a bazaar.
 10056 | Bazaar   | Entered a bazaar
 10056 | Bazaar   | Found Guatesew's Weapon Boutique.
 10056 | Bazaar   | Found Mosur's Antique Weapon Shop.
 10056 | Bazaar   | Found Tuczimaq's Food Boutique.
 10056 | Bazaar   | Found Ohoe's Weapon Shop.
 10056 | Bazaar   | Found Woanwosu's Antique Armour Boutique.
 10109 | Bazaar   | Bought a beef jerky for 16 gold pieces
 10109 | Bazaar   | Bought a beef jerky for 16 gold pieces
 10109 | Bazaar   | Bought a beef jerky for 16 gold pieces
 10119 | D:11     | Noticed Erica
 10127 | D:11     | Killed Erica
 10171 | D:11     | Noticed a hill giant
 10186 | D:11     | Killed a hill giant
 10213 | D:11     | Noticed Harold
 10363 | D:11     | Killed Harold
 10363 | D:11     | Reached skill level 11 in Stealth
 10672 | D:11     | Noticed Josephine
 10735 | D:11     | Noticed a hill giant
 10754 | D:11     | Killed a hill giant
 10847 | D:11     | Noticed Maurice
 10857 | D:11     | Killed Maurice
 10958 | D:11     | Found a staircase to the Orcish Mines.
 11114 | D:11     | Noticed a hill giant
 11115 | D:11     | XOM: confusion (+ monsters)
 11140 | D:11     | Killed a hill giant
 11272 | Lair:1   | Entered Level 1 of the Lair of Beasts
 11515 | Lair:1   | XOM: 3-stop teleportation journey
 11552 | Lair:1   | Reached skill level 5 in Maces & Flails
 11563 | Lair:1   | Reached XP level 12. HP: 11/84 MP: 20/20
 11771 | Lair:1   | XOM: noise
 11825 | Lair:1   | XOM: confusion (+ monsters)
 11912 | Lair:1   | XOM: summons 3 hostile demons
 11996 | Lair:1   | XOM: mild Necr miscast
 12254 | Lair:1   | XOM: noise
 12383 | Lair:1   | XOM: summons 1 hostile demon
 12559 | Lair:1   | XOM: give mutations
 12559 | Lair:1   | Lost mutation: You tend to lose your temper in combat. [Xom's mischief]
 12559 | Lair:1   | Lost mutation: Your muscles are strong. (Str +2) [Xom's mischief]
 13197 | Lair:2   | XOM: summons 14 hostile demons
 13298 | Lair:3   | Noticed Rupert
 13317 | Lair:3   | Found a staircase to the Snake Pit.
 13318 | Lair:3   | Noticed a death yak
 13319 | Lair:3   | Noticed a death yak
 13326 | Lair:3   | Noticed a death yak
 13328 | Lair:3   | Noticed a death yak
 13330 | Lair:3   | Noticed a death yak
 13332 | Lair:3   | Noticed a death yak
 13333 | Lair:3   | Killed a death yak
 13333 | Lair:3   | Reached skill level 12 in Stealth
 13621 | Lair:2   | XOM: severe Conj miscast
 13638 | Lair:2   | XOM: medium Divn miscast
 13972 | Lair:3   | Paralysed by Rupert for 6 turns
 14103 | Lair:4   | Noticed a four-headed hydra
 14316 | Lair:4   | Reached skill level 1 in Shields
 14338 | Lair:4   | Identified a scroll of acquirement
 14804 | Lair:4   | Slain by an elephant

Vault maps used:
D:1:      dpeg_arrival_renting
D:2:      first_bread, serial_forest, infiniplex_forest_pool,
          infiniplex_forest_fountain, infiniplex_forest_straight_2,
          infiniplex_forest_clump_long, infiniplex_forest_zigzag_2,
          infiniplex_forest_clump_double, infiniplex_forest_end_3,
          infiniplex_forest_clump_curved, uniq_iyjb
D:3:      grunt_ashenzari_visionary, uniq_grinder, uniq_jessica
D:4:      grunt_temple_overflow_lords_of_destruction, portal_sewer_entry_a,
          roderic_batcave, uniq_pikel
D:5:      grunt_temple_overflow_growth_and_decay, serial_shops,
          nicolae_shop_waterfront, shop, shop
D:6:      nicolae_overflow_hidden_temple, minmay_temple_entry_overgrown,
          serial_shops, shop, shop, shop, kennysheep_mini_moat, shop_fountains,
          minmay_misc_feat_encased
D:7:      grunt_temple_overflow_opulence, kennysheep_little_box, okawaru_trees_2
D:8:      nicolae_overflow_crystal_walls
D:9:      minmay_separated_statues, slow_altar_1, evilmike_butchery
D:10:     due_lair_maze_entry_diamond
D:11:     orc_0_dummy, serial_shops, bzr_in_the_mist, uniq_maurice, uniq_psyche,
          uniq_josephine, uniq_harold, uniq_erica
Temple:   hc_temple_tempest_star
Lair:2:   minivault_27, grunt_megastairs_1, serial_bayou_shore_a
Lair:3:   minmay_snake_entry_six_corridors, uniq_rupert
Lair:4:   serial_forest, infiniplex_forest_lined_2, infiniplex_forest_lined_3,
          infiniplex_forest_clump_C, infiniplex_forest_clump_diagonal,
          infiniplex_forest_clump_curved, infiniplex_forest_end_double,
          infiniplex_forest_straight_5, infiniplex_forest_clump_diagonal,
          bobbens_dragon_lair_wall, infiniplex_staircase_pool_2
Bazaar:   bazaar_minmay_trees
Sewer:    sewer_frog_island_01

Action                   |  1- 3 |  4- 6 |  7- 9 | 10-12 || total
-------------------------+-------+-------+-------+-------++-------
Melee: Spear             |    52 |   138 |   437 |     8 ||   635
       Short sword       |     2 |       |       |       ||     2
       Whip              |       |       |       |   833 ||   833
 Fire: Hunting sling     |       |       |       |    28 ||    28
Invok: Call Merchant     |       |       |       |     2 ||     2
Evoke: Wand              |       |     7 |    26 |    21 ||    54
  Use: Potion            |       |     4 |     5 |    14 ||    23
       Scroll            |       |       |       |    24 ||    24
 Stab: Sleeping          |     7 |    19 |    17 |    49 ||    92
       Distracted        |       |       |     3 |     6 ||     9
       Invisible         |       |       |    15 |       ||    15
       Confused          |       |       |       |     9 ||     9
  Eat: Chunk             |       |     3 |    12 |     2 ||    17
       Pizza             |       |       |     1 |     5 ||     6
       Beef jerky        |       |       |       |    10 ||    10
       Meat ration       |       |       |       |     2 ||     2
